 Dungeon Crawl Stone Soup version 0.21.1-1-g345015f (webtiles) character file.

103 tyranidshit the Shield-Bearer (level 4, -8/42 HPs)
             Began as a Deep Dwarf Fighter on July 28, 2018.
             Mangled by sefi's ghost (10 damage)
             ... on level 3 of the Dungeon.
             The game lasted 00:04:22 (1224 turns).

tyranidshit the Shield-Bearer (Deep Dwarf Fighter)  Turns: 1224, Time: 00:04:22

Health: -8/42      AC:  6    Str: 20    XL:     4   Next: 51%
Magic:  4/4        EV:  8    Int:  9    God:
Gold:   121        SH: 10    Dex: 18    Spells: 3/3 levels left

rFire    . . .     SeeInvis .   a - +0 war axe
rCold    . . .     Gourm    .   c - +0 shield
rNeg     . . .     Faith    .   b - +0 scale mail
rPois    .         Spirit   .   (no helmet)
rElec    .         Reflect  .   (no cloak)
rCorr    .         Harm     .   (no gloves)
MR       +....                  (no boots)
Stlth    ..........             (no amulet)
HPRegen  0.00/turn              e - ring of protection from magic
MPRegen  0.09/turn              k - +6 ring of dexterity

@: non-regenerating
A: damage resistance, heal wounds, sense surroundings 1, no regeneration
a: Heal Wounds


You were on level 3 of the Dungeon.
You were not hungry.

You visited 1 branch of the dungeon, and saw 3 of its levels.

You collected 121 gold pieces.

Inventory:

Hand Weapons
 a - a +0 war axe (weapon)
Armour
 b - a +0 scale mail (worn)
 c - a +0 shield (worn)
Jewellery
 e - a ring of protection from magic (left hand)
 k - a +6 ring of dexterity (right hand)
Scrolls
 g - 2 scrolls of teleportation
 i - 3 scrolls of identify
 j - 2 scrolls of amnesia
 l - a scroll of enchant armour {unknown}
Potions
 d - a potion of might
 h - a potion of magic
Comestibles
 f - 3 rations


   Skills:
 + Level 3.4 Fighting
 - Level 3.4 Axes
 - Level 3.6 Armour
 - Level 0.7 Dodging
 - Level 4.0 Shields


You had 3 spell levels left.
You didn't know any spells.

Dungeon Overview and Level Annotations

Branches:
Dungeon (3/15)

Altars:
Qazlal
Ru

Annotations:
D:3 sefi's ghost, weakling DDFi


Innate Abilities, Weirdness & Mutations

You are resistant to damage.
You can heal yourself by infusing magical energy.
You passively map a small area around you.
You do not regenerate.


Message History

Sefi's ghost is severely damaged.
You block sefi's ghost's attack.
You closely miss sefi's ghost.
Sefi's ghost is severely damaged.
Sefi's ghost hits you!
* * * LOW HITPOINT WARNING * * *
Sefi's ghost hits you!
* * * LOW HITPOINT WARNING * * *
You hit sefi's ghost.
Sefi's ghost is almost destroyed.
Sefi's ghost barely misses you.
You hit sefi's ghost but do no damage.
Sefi's ghost is almost destroyed.
Sefi's ghost hits you.
* * * LOW HITPOINT WARNING * * *
You block sefi's ghost's attack.
You hit sefi's ghost.
Sefi's ghost is almost destroyed.
Sefi's ghost hits you!
You die...

#...#.#.##### *
*###...........# *
#..........###.#
#..........# * #
#..........###.####
####.<>#.#.........,
#....###.##.###
#...# ##.# * ####
*#@## * ,,#W....#**
* #l###### ,, * #.
,* ** *, #,* * * *
** * , , ,


You could see sefi's ghost and a leopard gecko.

Vanquished Creatures
  An orc wizard (D:2)
  2 adders (D:2)
  An ooze (D:1)
  A worm (D:2)
  A dart slug (D:1)
  2 leopard geckos
  4 bats
  4 giant cockroaches
  3 goblins
  8 hobgoblins
  2 jackals (D:3)
  3 kobolds
  A quokka (D:2)
  2 ball pythons (D:2)
  7 frilled lizards
  4 rats
46 creatures vanquished.

Notes
Turn   | Place    | Note
-------+----------+-------------------------------------------
     0 | D:1      | tyranidshit the Deep Dwarf Fighter began the quest for the Orb.
     0 | D:1      | Reached XP level 1. HP: 20/20 MP: 1/1
    89 | D:1      | Reached XP level 2. HP: 22/27 MP: 2/2
   534 | D:2      | Reached XP level 3. HP: 21/33 MP: 3/3
   617 | D:2      | Found a sacrificial altar of Ru.
   629 | D:2      | Reached skill level 4 in Shields
   629 | D:2      | Reached XP level 4. HP: 20/40 MP: 4/4
   932 | D:2      | Found a stormy altar of Qazlal.
  1211 | D:3      | Noticed sefi's ghost (weakling DDFi)
  1223 | D:3      | HP: 2/42 [sefi's ghost (1)]
  1224 | D:3      | Mangled by sefi's ghost

Skill      XL: |  1  2  3  4 |
---------------+-------------+-----
Axes           | 3 |  3.4
Shields        | 4 |  4.0
Fighting       | 3 |  3.4
Armour         | |  3.6
Dodging        | |  0.7

Action                   |  1- 3 |  4- 6 || total
-------------------------+-------+-------++-------
Melee: War axe           |    98 |    75 ||   173
  Use: Scroll            |     3 |     5 ||     8
       Potion            |     4 |     2 ||     6
 Stab: Paralysed         |       |     1 ||     1
  Eat: Ration            |       |     1 ||     1
Armor: Scale mail        |    52 |    25 ||    77
Dodge: Dodged            |    35 |    28 ||    63
Block: Shield            |    58 |    47 ||   105
